 Dungeon Crawl Stone Soup version 0.22-a0-126-g307c7c3 (webtiles) character file.

30 zero the Sneak (level 3, 0/16 HPs)
             Began as a Spriggan Enchanter on Jan 30, 2018.
             Slain by a gnoll
             ... wielding a +2 halberd of chopping
              (4 damage)
             ... on level 2 of the Dungeon.
             The game lasted 00:01:24 (1389 turns).

zero the Sneak (Spriggan Enchanter)                 Turns: 1389, Time: 00:01:25

Health: 0/16       AC:  2    Str:  4    XL:     3   Next: 5%
Magic:  8/8        EV: 18    Int: 16    God:
Gold:   41         SH:  0    Dex: 17    Spells: 1/7 levels left

rFire    . . .     SeeInvis +   a - +1 dagger
rCold    . . .     Gourm    .   (shield restricted)
rNeg     . . .     Faith    .   b - +0 robe
rPois    .         Spirit   .   (helmet restricted)
rElec    .         Reflect  .   (no cloak)
rCorr    .         Harm     .   (gloves unavailable)
MR       .....                  (boots unavailable)
Stlth    +++.......             (no amulet)
HPRegen  0.05/turn              (no ring)
MPRegen  0.11/turn              (no ring)

@: very quick
A: very small, unfitting armour, see invisible, herbivore, speed 3, slow
metabolism 2
a: no special abilities


You were on level 2 of the Dungeon.
You were not hungry.

You visited 1 branch of the dungeon, and saw 2 of its levels.

You collected 41 gold pieces.

Inventory:

Hand Weapons
 a - a +1 dagger (weapon)
Armour
 b - a +0 robe (worn)
Scrolls
 f - a scroll of blinking {unknown}
 i - a scroll of teleportation {unknown}
 k - 2 scrolls of identify {unknown}
Potions
 e - 2 potions of magic {unknown}
 g - a potion of haste {unknown}
 h - 2 potions of curing {unknown}
 j - a potion of heal wounds {unknown}
 l - a potion of flight {unknown}
Books
 c - a book of Maledictions

   Spells                             Type                      Level
   a - Corona                         Hexes                        1
   b - Ensorcelled Hibernation        Hexes/Ice                    2
   c - Confuse                        Hexes                        3
   d - Tukima's Dance                 Hexes                        3
   e - Dazzling Spray                 Conjuration/Hexes            3
Comestibles
 d - 2 rations


   Skills:
 - Level 1.1 Short Blades
 - Level 3.0 Dodging
 + Level 6.5 Stealth
 - Level 2.6 Spellcasting
 - Level 3.6 Hexes


You had one spell level left.
You knew the following spells:

 Your Spells              Type           Power        Failure   Level  Hunger
a - Corona                Hex            ##.....      4%          1    #......
b - Ensorcelled Hibernat  Hex/Ice        #.....       14%         2    ##.....
c - Confuse               Hex            ##......     13%         3    ###....


Dungeon Overview and Level Annotations

Branches:
Dungeon (2/15)

Altars:
Dithmenos


Innate Abilities, Weirdness & Mutations

You are very small and have problems with some larger weapons.
You are too small for most types of armour.
You have supernaturally acute eyesight. (SInv)
You are a herbivore.
You cover ground extremely quickly.
You need consume almost no food.


Message History

The bat closely misses you.
There is a stone staircase leading up here.
You hit the bat.
You kill the bat!
You start resting.
Casting: Ensorcelled Hibernation (safe; 14% risk of failure)
Confirm with . or Enter, or press ? or * to list all spells.
You don't know that spell.
You climb upwards.
There is a stone staircase leading down here.
You start resting.
HP restored.
Memorise Confuse, consuming 3 spell levels and leaving 1?
You start memorising the spell.
You continue memorising. x3
You finish memorising.
Spell assigned to 'c'.
You climb downwards.
The gnoll hits you with a halberd of chopping!
Ouch! That really hurt!
* * * LOW HITPOINT WARNING * * *
You die...

.. .. ###### ..
... ..#
..##.###.## #####
..........# #...#
...#.###..####.#g#
#.#...#.......#@#
##..#.#.g.########
..##†§§#§.#
..#§#§#§#§#
..§§g_§§§§#
..#)#§#§#.#
####.§.####
...##.#.#
..<#....#


You could see a gnoll.

Vanquished Creatures
  2 dart slugs (D:1)
  A leopard gecko (D:1)
  A ball python (D:2)
  5 bats
  A giant cockroach (D:1)
  3 goblins
  2 hobgoblins (D:1)
  2 frilled lizards (D:1)
  3 kobolds
  4 rats (D:1)
24 creatures vanquished.

Notes
Turn   | Place    | Note
-------+----------+-------------------------------------------
     0 | D:1      | zero the Spriggan Enchanter began the quest for the Orb.
     0 | D:1      | Reached XP level 1. HP: 9/9 MP: 5/5
   106 | D:1      | Reached skill level 5 in Stealth
   270 | D:1      | Reached XP level 2. HP: 9/13 MP: 4/6
   274 | D:1      | Learned a level 2 spell: Ensorcelled Hibernation
   736 | D:1      | Reached skill level 6 in Stealth
  1315 | D:2      | Found a shadowy altar of Dithmenos.
  1331 | D:2      | Reached XP level 3. HP: 13/16 MP: 5/8
  1388 | D:1      | Learned a level 3 spell: Confuse
  1389 | D:2      | Slain by a gnoll

Vault maps used:
D:1:      minmay_arrival_arboretum_large, minmay_misc_feat_doors
D:2:      chequers_ecumenical_altar_simple, first_ration,
          grunt_dithmenos_smoke_and_mirrors

Skill      XL: |  1  2 |
---------------+-------+-----
Stealth        | 5 6 |  6.5
Short Blades   | |  1.1
Dodging        | |  3.0
Spellcasting   | |  2.6
Hexes          | |  3.6

Action                   || total
-------------------------++-------
Melee: Dagger            ||    75
 Cast: Corona            ||     2
       Ensorcelled Hiber ||     3
 Stab: Sleeping          ||    10
Armor: Robe              ||    12
Dodge: Dodged            ||    77

Table legend:
 A = Spawn XP
 B = Non-spawn XP
 C = Spawn XP percentage of total XP
 D = Spawn monster count
 E = Non-spawn monster count
 F = Spawn count percentage of total count
 G = Total turns spent on level
                    A         B        C        D         E        F      G
               +---------+---------+-------+---------+---------+-------+---------
         Total |       0 |      44 |   0.0 |       0 |      24 |   0.0 |  1389
               +---------+---------+-------+---------+---------+-------+---------
           D:1 |       0 |      37 |   0.0 |       0 |      20 |   0.0 |  1295
           D:2 |       0 |       7 |   0.0 |       0 |       4 |   0.0 |    94
               +---------+---------+-------+---------+---------+-------+---------
